 Dungeon Crawl Stone Soup version 0.20-a0-555-gf6ae02d (webtiles) character file.

1481 M4edhros the Covert (level 8, -1/43 HPs)
             Began as an Octopode Artificer on Feb 4, 2017.
             Was a Believer of Fedhas.
             Slain by a crimson imp (2 damage)
             ... on level 8 of the Dungeon.
             The game lasted 00:10:58 (15096 turns).

M4edhros the Covert (Octopode Artificer)           Turns: 15096, Time: 00:10:58

Health: -1/43      AC: -3    Str:  8 (10) XL:     8   Next: 79%
Magic:  13/13      EV: 14    Int: 12 (13) God:    Fedhas [**....]
Gold:   188        SH:  0    Dex: 11 (12) Spells: 7/7 levels left

rFire    . . .     SeeInvis .   o - +2 glaive (chaos)
rCold    . . .     Gourm    .   (shield currently unavailable)
rNeg     . . .     Faith    .   (helmet restricted)
rPois    .         Spirit   .   (no amulet)
rElec    .         Reflect  .   (no ring)
rCorr    .         Harm     .   (no ring)
MR       +....     Clarity  +   (no ring)
Stlth    +++++.....             (no ring)
Regen    0.2/turn               (no ring)
                                (no ring)
                                (no ring)
                                (no ring)

@: about to teleport, corroded
A: almost no armour, stealthy swim, amphibious, 8 rings, constrict 8, camouflage
1, blurry vision 1, clarity, clumsy 1, frail 1, magic resistance 1, screaming 1,
weak 1, gelatinous body 1, MP-powered wands
a: Fungal Bloom, Evolution, Sunlight, Renounce Religion


You were on level 8 of the Dungeon.
You worshipped Fedhas.
Fedhas was pleased with you.
You were hungry.

You visited 2 branches of the dungeon, and saw 9 of its levels.

You collected 260 gold pieces.
You spent 72 gold pieces at shops.

Inventory:

Hand Weapons
 a - a +0 short sword
 o - a +2 glaive of chaos (weapon)
 u - a +0 hunting sling
Missiles
 h - 14 sling bullets
 t - 140 stones (quivered)
Wands
 b - a wand of flame (45/48)
 c - a wand of enslavement (5/24)
 d - a wand of random effects (7/48)
 m - a wand of scattershot (4/9)
 y - a wand of paralysis (8/24)
Scrolls
 f - a scroll of amnesia {unknown}
 g - 3 scrolls of enchant armour
 i - 4 scrolls of teleportation
 k - 7 scrolls of identify {unknown}
 n - 2 scrolls of recharging
 q - a scroll of blinking {unknown}
 s - 3 scrolls of remove curse {unknown}
 v - 2 scrolls of magic mapping
 x - a scroll of noise {unknown}
Potions
 e - a potion of flight {unknown}
 r - a potion of ambrosia {unknown}
 w - a potion of lignification {unknown}
Books
 l - a book of Cantrips

   Spells                             Type                      Level
   a - Confusing Touch                Hexes                        1
   b - Animate Skeleton               Necromancy                   1
   c - Summon Small Mammal            Summoning                    1
   d - Apportation                    Translocation                1
Comestibles
 p - a meat ration
 z - 4 fruits


   Skills:
 - Level 1.0 Fighting
 - Level 1.0 Short Blades
 - Level 2.2 Polearms
 + Level 3.9 Dodging
 + Level 10.8 Stealth
 + Level 7.3 Evocations


You had 7 spell levels left.
You didn't know any spells.

Dungeon Overview and Level Annotations

Branches:
Dungeon (9/15)             Temple (1/1) D:6
   Lair: D:8-11         Orc: D:9-12

Altars:
Ashenzari
Cheibriados
Dithmenos
Elyvilon
Fedhas
Gozag
Hepliaklqana
Kikubaaqudgha
Makhleb
Nemelex Xobeh
Okawaru
Qazlal
Ru
Sif Muna
Trog
Uskayaw
Vehumet
Xom
Yredelemnul
Zin
The Shining One

Shops:
D:4 [=:[%


Innate Abilities, Weirdness & Mutations

You cannot wear most types of armour.
You are very stealthy in the water. (Stealth+)
You are amphibious.
You can wear up to eight rings at the same time.
You can use your tentacles to constrict eight enemies at once.
Your skin changes colour to match your surroundings (Stealth+).
Your rubbery body absorbs attacks. (AC +1, EV +1)
Scrolls take you a little longer to read.
You possess an exceptional clarity of mind.
You are clumsy. (Dex -2)
You are frail. (-10% HP)
You are resistant to hostile enchantments. (MR+)
You occasionally shout uncontrollably at your foes.
You are weak. (Str -2)
You expend magic power (3 MP) to strengthen your wands.


Message History

You squeeze the jelly, but do no damage.
The jelly is moderately wounded.
The crimson imp barely misses you. The jelly hits you.
You are splashed with acid!
The acid burns!
The crimson imp closely misses you.
Unknown command.
Unknown command.
You hit the crimson imp.
The crimson imp seems to slow down.
You grab the crimson imp. You squeeze the crimson imp.
The crimson imp is heavily wounded.
You constrict the crimson imp.
The crimson imp is no longer moving slowly.
The jelly hits you.
* * * LOW HITPOINT WARNING * * *
The acid corrodes you!
You are splashed with acid!
The acid burns!
* * * LOW HITPOINT WARNING * * *
The crimson imp barely misses you.
It was a potion of magic.
Magic courses through your body.
You constrict the crimson imp. The crimson imp hits you.
You die...
Fedhas appreciates your contribution to the ecosystem.

#.###.......5..#
##.......†§..S#
.........###.##
####)....##.#
#..$.....#
#.KK.(####
##KJK## ##O##
#@# #5# ..# ####


You could see a two-headed ogre, a jelly, a crimson imp and 4 kobolds.

Vanquished Creatures
  Prince Ribbit (D:5)
  A water moccasin (D:9)
  A centaur (D:5)
  3 ogres
  A big kobold (D:8)
  A scorpion (D:5)
  A jelly (D:9)
  A centaur skeleton (D:5)
  2 hounds
  2 worker ants (D:5)
  2 orc wizards
  Robin (D:3)
  5 adders
  3 oozes
  An adder skeleton (D:9)
  3 dart slugs
  5 leopard geckos
  11 orcs
  8 giant cockroaches
  8 goblins
  11 hobgoblins
  9 jackals
  A quokka (D:5)
  2 ball pythons (D:1)
  7 bats
  7 frilled lizards
  6 kobolds
  4 rats
108 creatures vanquished.

Vanquished Creatures (collateral kills)
  Eustachio (D:4)
  2 ogres
  Blork the orc (D:4)
  A scorpion (D:4)
  A bullfrog skeleton (D:4)
  An adder (D:3)
  A shadow imp (D:6)
  A leopard gecko (D:3)
  4 orcs
  6 goblins (D:3)
  2 jackals (D:4)
  A quokka (D:8)
  A frilled lizard (D:4)
  A rat (D:3)
24 creatures vanquished.

Vanquished Creatures (others)
  An orc priest (D:3)
  An adder (D:3)
  75 toadstools
77 creatures vanquished.

Grand Total: 209 creatures vanquished

Notes
Turn   | Place    | Note
-------+----------+-------------------------------------------
     0 | D:1      | M4edhros the Octopode Artificer began the quest for the Orb.
     0 | D:1      | Reached XP level 1. HP: 13/13 MP: 3/3
    33 | D:1      | Reached skill level 2 in Stealth
   202 | D:2      | Reached XP level 2. HP: 18/18 MP: 4/4
   292 | D:2      | Reached skill level 3 in Stealth
   411 | D:2      | Found a deep blue altar of Sif Muna.
   569 | D:3      | Reached skill level 5 in Stealth
   569 | D:3      | Reached XP level 3. HP: 14/23 MP: 5/5
   573 | D:3      | Reached XP level 4. HP: 9/28 MP: 6/6
   842 | D:4      | Found Doc Mimi's Armour Shoppe.
  1117 | D:5      | Entered Level 5 of the Dungeon
  1144 | D:5      | Noticed an ogre
  1161 | D:5      | Killed an ogre
  1161 | D:5      | Reached skill level 6 in Stealth
  1358 | D:5      | Killed an ogre
  1358 | D:5      | Reached skill level 7 in Stealth
  1358 | D:5      | Reached XP level 5. HP: 33/33 MP: 7/7
  1399 | D:5      | Reached skill level 8 in Stealth
  1493 | D:5      | Noticed an ogre
  1496 | D:5      | Killed an ogre
  1496 | D:5      | Reached XP level 6. HP: 38/38 MP: 7/9
  2022 | D:5      | Noticed Prince Ribbit
  2031 | D:5      | Killed Prince Ribbit
  2031 | D:5      | Reached skill level 9 in Stealth
  2031 | D:5      | Reached skill level 5 in Evocations
  2031 | D:5      | Reached XP level 7. HP: 16/43 MP: 9/11
  2482 | D:6      | Found a staircase to the Ecumenical Temple.
  2491 | Temple   | Entered the Ecumenical Temple
  2655 | Temple   | Became a worshipper of Xom of Chaos
  2707 | Temple   | XOM: divination: detect creatures
  2755 | Temple   | XOM: harmless Tloc miscast
  2918 | Temple   | XOM: harmless Tmut miscast
  3166 | Temple   | XOM: divination: detect items
  3431 | Temple   | XOM: god gift: glowing glaive {god gift}
  3839 | Temple   | XOM: silly message
  4454 | Temple   | XOM: mild Ice miscast
  5238 | Temple   | XOM is BORED!
  5238 | Temple   | XOM: silly message
  5507 | Temple   | XOM: harmless Air miscast
  6142 | Temple   | XOM: noise
  6236 | Temple   | XOM: harmless Divn miscast
  6422 | Temple   | XOM: god gift: 34 gold pieces
  6645 | Temple   | XOM: give mutations
  6645 | Temple   | Gained mutation: Your body sometimes deteriorates upon taking damage. [Xom's mischief]
  6645 | Temple   | Gained mutation: You are clumsy. (Dex -2) [Xom's mischief]
  6645 | Temple   | Gained mutation: Your muscles are strong. (Str +2) [Xom's mischief]
  6855 | Temple   | XOM: stat loss: -1 Dex (11/12)
  7030 | Temple   | XOM: summons 3 hostile demons
  7031 | Temple   | Noticed a rust devil
  7061 | Temple   | XOM: give mutations
  7061 | Temple   | Gained mutation: Scrolls take you a little longer to read. [Xom's mischief]
  7061 | Temple   | Lost mutation: Scrolls take you a little longer to read. [Xom's mischief]
  7061 | Temple   | Gained mutation: You are frail. (-10% HP) [Xom's mischief]
  7207 | Temple   | XOM: give mutation
  7207 | Temple   | Gained mutation: You are resistant to hostile enchantments. (MR+) [Xom's grace]
  7264 | Temple   | XOM is BORED!
  7778 | Temple   | XOM: divination: magic mapping
  8164 | Temple   | XOM: cloud trail
  8515 | Temple   | XOM: medium Fire miscast
  8901 | Temple   | XOM: give mutations
  8901 | Temple   | Gained mutation: You occasionally shout uncontrollably at your foes. [Xom's mischief]
  8901 | Temple   | Gained mutation: You sometimes yell uncontrollably at your foes. [Xom's mischief]
  8928 | Temple   | XOM: mild Divn miscast
  8945 | Temple   | XOM: harmless Divn miscast
  9535 | Temple   | XOM: scenery: create altars
  9667 | Temple   | XOM: harmless Erth miscast
 10183 | Temple   | XOM: cloud trail
 10919 | Temple   | XOM: give mutation
 10919 | Temple   | Gained mutation: You are very frail. (-20% HP) [Xom's mischief]
 11113 | Temple   | XOM: noise
 11126 | Temple   | Fell from the grace of Xom
 11126 | Temple   | Became a worshipper of Fedhas Madash
 11323 | D:1      | Reached * piety under Fedhas
 11990 | D:2      | Reached skill level 1 in Polearms
 12023 | D:2      | Reached ** piety under Fedhas
 12252 | D:2      | Gained mutation: You possess an exceptional clarity of mind. [potion of beneficial mutation]
 12350 | D:2      | XOM: give mutation
 12350 | D:2      | Gained mutation: Your mind is acute. (Int +2) [Xom's grace]
 12447 | D:2      | XOM: noise
 12626 | D:3      | XOM: mild Fire miscast
 12638 | D:3      | Noticed Robin
 12644 | D:3      | Killed Robin
 12644 | D:3      | Reached XP level 8. HP: 17/38 MP: 12/12
 12733 | D:3      | XOM: give mutations
 12733 | D:3      | Lost mutation: Your mind is acute. (Int +2) [Xom's mischief]
 12733 | D:3      | Gained mutation: Scrolls take you a little longer to read. [Xom's mischief]
 12733 | D:3      | Lost mutation: Your body sometimes deteriorates upon taking damage. [Xom's mischief]
 12733 | D:3      | Gained mutation: You expend magic power (3 MP) to strengthen your wands. [Xom's mischief]
 12758 | D:3      | XOM: mild Pois miscast
 13523 | D:4      | Found Goehet's Book Boutique.
 13529 | D:4      | Found Xish's Armour Shop.
 13532 | D:4      | Noticed Eustachio
 13534 | D:4      | Noticed Blork the orc
 13552 | D:4      | Killed Blork the orc
 13552 | D:4      | Reached skill level 10 in Stealth
 13774 | D:4      | Found Emuvedua's Food Boutique.
 13790 | D:4      | XOM: give mutations
 13790 | D:4      | Lost mutation: Your muscles are strong. (Str +2) [Xom's mischief]
 13790 | D:4      | Lost mutation: You sometimes yell uncontrollably at your foes. [Xom's mischief]
 13790 | D:4      | Gained mutation: You sometimes yell uncontrollably at your foes. [Xom's mischief]
 13790 | D:4      | Lost mutation: You sometimes yell uncontrollably at your foes. [Xom's mischief]
 13818 | D:4      | Killed Eustachio
 13939 | D:4      | XOM: polymorph wandering mushroom -> wandering mushroom
 14036 | D:4      | Bought a fruit for 18 gold pieces
 14036 | D:4      | Bought 3 fruits for 54 gold pieces
 14047 | D:4      | XOM: mild Fire miscast
 14274 | D:4      | HP: 1/38 [poisoned by an adder]
 14652 | D:4      | Found Amoodol's Jewellery Shop.
 14747 | D:4      | XOM: summons 2 hostile shadow creatures
 14825 | D:4      | XOM: polymorph wandering mushroom -> wandering mushroom
 14886 | D:4      | XOM: give mutations
 14886 | D:4      | Lost mutation: You are very frail. (-20% HP) [Xom's mischief]
 14886 | D:4      | Gained mutation: You are weak. (Str -2) [Xom's mischief]
 15012 | D:6      | You fall through a shaft for 3 floors!
 15067 | D:8      | Noticed a two-headed ogre
 15095 | D:8      | HP: 1/43 [acid (11)]
 15096 | D:8      | Slain by a crimson imp

Vault maps used:
D:1:      sevenhm_arrival_forest_fort_large_2, minmay_heptomino_w4
D:2:      lemuel_blue_sif_altar
D:3:      uniq_robin
D:4:      serial_shops, nicolae_shop_trees, nicolae_shop_behind_doors, shop,
          shop, shop_fountains, uniq_blork_the_orc, uniq_eustachio
D:5:      first_bread, uniq_prince_ribbit1
D:6:      minmay_temple_entry_large_hall, serial_shops, shop
D:8:      lair_entry_dummy
D:9:      orc_0_dummy
Temple:   minmay_crystal_snake_temple

Skill      XL: |  1  2  3  4  5  6  7  8 |
---------------+-------------------------+-----
Stealth        | 2 5 7 8 9 10 | 10.8
Evocations     | 4 5 6 7 |  7.3
Polearms       | 1 2 |  2.2
Dodging        | 3 |  3.9
Fighting       | |  1.0
Short Blades   | |  1.0

Action                   |  1- 3 |  4- 6 |  7- 9 || total
-------------------------+-------+-------+-------++-------
Melee: Short sword       |    18 |    41 |    10 ||    69
       Constrict         |     5 |     8 |    32 ||    45
       Tentacles         |     2 |    10 |    17 ||    29
       Glaive            |       |       |   161 ||   161
Invok: Fungal Bloom      |       |       |    30 ||    30
       Evolution         |       |       |     2 ||     2
       Sunlight          |       |       |     1 ||     1
Evoke: Wand              |     6 |     9 |     8 ||    23
  Use: Scroll            |       |     6 |     1 ||     7
       Potion            |       |       |     7 ||     7
 Stab: Sleeping          |     3 |     4 |    17 ||    24
       Confused          |       |     1 |       ||     1
       Distracted        |       |       |     2 ||     2
       Invisible         |       |       |     1 ||     1
       Paralysed         |       |       |     1 ||     1
  Eat: Chunk             |       |     3 |     2 ||     5
       Meat ration       |       |       |     4 ||     4
       Bread ration      |       |       |     4 ||     4
Armor: Skin              |     4 |     4 |    15 ||    23
Dodge: Dodged            |    16 |    27 |   133 ||   176
